 Dungeon Crawl Stone Soup version 0.31-a0-276-ge00219d475 (webtiles) character file.

Game seed: 855749933179115573

5866 Querens the Grappler (level 10, -4/104 HPs)
             Began as a Troll Gladiator on July 15, 2023.
             Was a High Priest of Okawaru.
             Slain by a troll (9 damage)
             ... on level 11 of the Dungeon.
             The game lasted 00:23:56 (6581 turns).

Querens the Grappler (Troll Gladiator)              Turns: 6581, Time: 00:23:56

Health: -4/104     AC:  7    Str: 34    XL:     10   Next: 52%
Magic:  9/9        EV: 10    Int:  4    God:    Okawaru [*****.]
Gold:   256        SH:  5    Dex: 11    Spells: 9/9 levels left

rFire   . .          .
                       - Unarmed
rCold   + . .        (no shield)
rNeg    . . .        a - +1 troll leather armour
rPois   .            b - melded +0 hat
rElec   .            (cloak currently unavailable)
rCorr   .            (gloves unavailable)
SInv    .            (boots unavailable)
Will    .....        E - amulet of reflection
Stlth   +            k - +6 ring of strength
HPRegen 1.97/turn    e - ring of protection from cold
MPRegen 0.11/turn

%: reflection
@: beast-form
A: beast (slay +5), large, unfitting armour, claws 3, regeneration 1, shaggy fur
1, tough skin 1
a: Begin Untransformation, Renounce Religion, Heroism, Finesse, Duel


You were on level 11 of the Dungeon.
You worshipped Okawaru.
Okawaru was extremely pleased with you.
You were a hulking beast.
You visited 2 branches of the dungeon, and saw 12 of its levels.

You collected 748 gold pieces.
You spent 492 gold pieces at shops.

Inventory:

Missiles
 c - 6 throwing nets (quivered)
 d - 6 large rocks
 F - 4 curare-tipped darts
Armour
 a - a +1 troll leather armour (worn)
 b - a +0 hat (melded)
 z - a +2 cloak of poison resistance
 A - a +2 robe of cold resistance
 I - a +0 cloak of preservation
Jewellery
 e - a ring of protection from cold (right claw)
 k - a +6 ring of strength (left claw)
 E - an amulet of reflection (around neck)
 H - a ring of fire
Talismans
 f - a beast talisman
 r - a blade talisman
Wands
 i - a wand of digging (3)
 q - a wand of flame (11)
 y - a wand of polymorph (5)
 G - a wand of iceblast (5)
 J - a wand of quicksilver (8)
Scrolls
 g - 2 scrolls of fear
 h - a scroll of identify
 j - a scroll of butterflies
 l - a scroll of enchant armour
 n - 3 scrolls of teleportation
 p - 4 scrolls of poison
 s - a scroll of immolation
 C - a scroll of blinking {unknown}
Potions
 m - a potion of curing
 o - a potion of might
 t - 2 potions of mutation
 u - 2 potions of attraction
 v - a potion of magic
 w - a potion of lignification
 x - a potion of enlightenment
 B - a potion of heal wounds
 D - a potion of brilliance {unknown}


   Skills:
 + Level 8.0 Fighting
 - Level 1.7 Throwing
 - Level 2.4 Dodging
 + Level 9.8 Unarmed Combat
 + Level 7.4 Shapeshifting


You had 9 spell levels left.
You didn't know any spells.
Your spell library contained the following spells:

 Spells                   Type           Power      Damage    Failure   Level
 Magic Dart               Conj           0%         1d3       54%         1
 Searing Ray              Conj           0%         2d4       67%         2
 Dazzling Flash           Conj/Hex       0%         N/A       88%         3
 Volatile Blastmotes      Fire/Tloc      0%         2d10      88%         3
 Fulminant Prism          Conj/Hex       0%         3d5       99%         4
 Iskenderun's Battlesphe  Conj           0%         2d6       100%        5
 Eringya's Noxious Bog    Tmut/Pois      0%         4d6       100%        6
 Leda's Unmaking          Conj/Erth      0%         9d1       100%        6
 Starburst                Conj/Fire      0%         6d3       100%        6
 Maxwell's Capacitive Co  Air            0%         ∞         100%        8
 Summon Forest            Summ/Tloc      Unusable   N/A       N/A         5
 Spellforged Servitor     Conj/Summ      Unusable   N/A       N/A         7
 Summon Hydra             Summ           Unusable   N/A       N/A         7

Dungeon Overview and Level Annotations

Branches:
Dungeon (11/15)            Temple (1/1) D:6            Lair (0/5) D:8
    Orc: D:9-12

Altars:
Ashenzari
Cheibriados
Dithmenos
Elyvilon
Fedhas
Gozag
Hepliaklqana
Kikubaaqudgha
Makhleb
Nemelex Xobeh
Okawaru
Qazlal
Ru
Sif Muna
Trog
Uskayaw
Vehumet
Wu Jian
Xom
Yredelemnul
Zin
The Shining One

Shops:
D:5 !   D:6 :   D:10 [


Innate Abilities, Weirdness & Mutations

You are a hulking beast.
Your limbs bulge with bestial killing power. (Slay +5)
You are too large for most types of armour.
You have claws for hands.
Your natural rate of healing is unusually fast.
You are covered in fur. (AC +1)
You have tough skin. (AC +1)


Message History

You are no longer corroded.
You open the door.
A troll comes into view.
You closely miss the komodo dragon. The komodo dragon bites you!!
You closely miss the komodo dragon. The komodo dragon misses you.
You claw the komodo dragon!
The komodo dragon is lightly wounded.
The komodo dragon bites you!
You completely miss the komodo dragon.
The komodo dragon is lightly wounded.
The komodo dragon bites you!
You mangle the komodo dragon!!
The komodo dragon is heavily wounded.
The komodo dragon bites you!!
You claw the komodo dragon!
The komodo dragon is severely wounded.
You mangle the komodo dragon!!
You kill the komodo dragon!
Okawaru accepts your kill.
Your Fighting skill increases to level 8!
You claw the troll!
The troll is moderately wounded.
The troll bites you!
* * * LOW HITPOINT WARNING * * *
The troll barely misses you. You block the troll's attack.
You scratch the troll but do no damage.
The troll is moderately wounded.
The troll bites you.
* * * LOW HITPOINT WARNING * * *
The troll closely misses you. The troll claws you but does no damage.
Okay, then.
The troll attacks as you move away! You block the troll's attack.
The troll claws you.
* * * LOW HITPOINT WARNING * * *
The troll claws you.
* * * LOW HITPOINT WARNING * * *
The troll attacks as you move away! The troll bites you!
* * * LOW HITPOINT WARNING * * *
The troll claws you!
You die...

#..........#
......
#.......#.#
#######
#.......'.#
#.......###
###'#####
#.# #D# #T#
#h# ##.#
#..# ##.##
#..# #.##
##.# #..#
#.##


You could see a troll and an acid dragon.

Vanquished Creatures
  2 komodo dragons
  2 trolls
  Sigmund (D:6)
  4 yaks (D:9)
  2 wyverns (D:9)
  Eustachio (D:5)
  A steam dragon (D:8)
  Edmund (D:4)
  2 water moccasins
  2 black bears
  2 sky beasts
  3 ogres
  2 orc warriors
  A wolf (D:8)
  3 centaurs
  2 bullfrogs
  2 kobold brigands
  A gnoll sergeant (D:9)
  A scorpion (D:5)
  9 wights
  4 killer bees (D:10)
  A howler monkey (D:8)
  An electric eel (D:8)
  6 hounds
  5 orc priests
  Crazy Yiuf (D:6)
  5 iguanas
  A jelly (D:5)
  A sleepcap (D:6)
  Ijyb (D:4)
  9 orc wizards
  5 gnolls
  9 adders
  2 white imps
  3 worms
  2 dart slugs (D:2)
  41 orcs
  7 ball pythons
  11 endoplasms
  2 giant cockroaches
  7 goblins
  3 hobgoblins
  8 jackals
  3 quokkas (D:1)
  8 bats
  4 frilled lizards
  13 kobolds
  8 rats
215 creatures vanquished.

Notes
Turn   | Place    | Note
-------+----------+-------------------------------------------
     0 | D:1      | Querens the Troll Gladiator began the quest for the Orb.
     0 | D:1      | Reached XP level 1. HP: 19/19 MP: 0/0
    83 | D:1      | Reached XP level 2. HP: 28/28 MP: 1/1
   308 | D:1      | Reached XP level 3. HP: 36/36 MP: 2/2
   310 | D:1      | Found a faded altar of an unknown god.
   798 | D:2      | Reached XP level 4. HP: 44/44 MP: 3/3
  1065 | D:3      | Reached skill level 4 in Unarmed Combat
  1065 | D:3      | Reached skill level 1 in Shapeshifting
  1102 | D:3      | Found an iron altar of Okawaru.
  1153 | D:3      | Became a worshipper of Warmaster Okawaru
  1599 | D:4      | Noticed Edmund
  1733 | D:4      | Found a shimmering altar of Xom.
  1734 | D:4      | Found a shimmering altar of Xom.
  1734 | D:4      | Found a shimmering altar of Xom.
  1745 | D:4      | Found a shimmering altar of Xom.
  1852 | D:4      | Found an opulent altar of Gozag.
  1892 | D:4      | Reached XP level 5. HP: 43/53 MP: 4/4
  1936 | D:4      | Reached * piety under Okawaru
  2057 | D:4      | Killed Edmund
  2058 | D:4      | Reached skill level 5 in Unarmed Combat
  2058 | D:4      | Reached XP level 6. HP: 22/61 MP: 5/5
  2113 | D:4      | Reached ** piety under Okawaru
  2130 | D:4      | Reached XP level 7. HP: 19/70 MP: 6/6
  2139 | D:5      | Entered Level 5 of the Dungeon
  2139 | D:5      | Noticed Ijyb
  2149 | D:4      | Killed Ijyb
  2183 | D:5      | Noticed Eustachio
  2214 | D:5      | Found Pov Quick's Distillery.
  2224 | D:5      | Killed Eustachio
  2259 | D:5      | Bought a potion of mutation for 88 gold pieces
  2259 | D:5      | Bought a potion of attraction for 33 gold pieces
  2259 | D:5      | Bought a potion of magic for 88 gold pieces
  2259 | D:5      | Bought a potion of lignification for 33 gold pieces
  2259 | D:5      | Bought a potion of enlightenment for 55 gold pieces
  2277 | D:5      | Reached skill level 6 in Unarmed Combat
  2403 | D:5      | Reached *** piety under Okawaru
  2404 | D:5      | Reached XP level 8. HP: 79/79 MP: 7/7
  2678 | D:5      | Found an ancient bone altar of Kikubaaqudgha.
  2678 | D:5      | Found a glowing silver altar of Zin.
  2820 | D:6      | Reached skill level 5 in Fighting
  2901 | D:6      | Found a runed translucent door.
  2902 | D:6      | Noticed Crazy Yiuf
  2907 | D:6      | Killed Crazy Yiuf
  3119 | D:6      | Found Utiojuycs's Self-Improvement Boutique.
  3314 | D:6      | Reached skill level 7 in Unarmed Combat
  3318 | D:6      | Noticed Sigmund
  3325 | D:6      | Killed Sigmund
  3326 | D:6      | Reached skill level 5 in Shapeshifting
  3326 | D:6      | Noticed a moth of wrath
  3329 | D:6      | Found a bloodstained altar of Trog.
  3372 | D:6      | Identified the +6 hand axe "Usioxt" {freeze, Stlth+}
  3454 | D:6      | Found a staircase to the Ecumenical Temple.
  3465 | Temple   | Entered the Ecumenical Temple
  3894 | D:7      | Reached **** piety under Okawaru
  3956 | D:7      | Reached XP level 9. HP: 87/89 MP: 8/8
  4111 | D:7      | You fall into a shaft and drop 1 floor!
  4171 | D:8      | HP: 4/91 [something/magic dart (11)]
  4181 | D:8      | Reached skill level 8 in Unarmed Combat
  4323 | D:8      | Found a hazy altar of Hepliaklqana.
  4365 | D:8      | Found a staircase to the Lair.
  4420 | D:8      | Noticed a troll
  4430 | D:8      | Killed a troll
  4636 | D:7      | Found a sacrificial altar of Ru.
  5059 | D:9      | Noticed a troll
  5075 | D:9      | Killed a troll
  5295 | D:9      | Found an ornate altar of the Wu Jian Council.
  5391 | D:9      | Reached skill level 9 in Unarmed Combat
  5410 | D:9      | Reached ***** piety under Okawaru
  5411 | D:9      | Reached XP level 10. HP: 92/102 MP: 9/9
  5670 | D:9      | Found a white marble altar of Elyvilon.
  5680 | D:9      | Found a radiant altar of Vehumet.
  5781 | D:10     | Entered Level 10 of the Dungeon
  5822 | D:10     | Found Hyqickil's Armour Emporium.
  5858 | D:10     | Bought a +0 cloak of preservation for 195 gold pieces
  6474 | D:11     | Noticed a two-headed ogre
  6581 | D:11     | HP: 5/104 [troll (13)]
  6581 | D:11     | Slain by a troll

Illustrated notes

Levels and vault maps discovered:
D:1:      saegor_arrival_simple_a, layout_rooms, basic_ecumenical_altar,
          st_stairs_14
D:2:      layout_basic, lightli_corner_chamber
D:3:      minmay_general_purpose_star, layout_rooms, amcnicky_altar_gilded
D:4:      layout_basic, xom_redecorated, mainiacjoe_overflow_paths,
          grunt_tough_drop, uniq_edmund
D:5:      layout_loops_cross, nicolae_overflow_two_pavilions, serial_shops,
          nicolae_shop_industrial_runoff, uniq_ijyb, uniq_eustachio
D:6:      layout_loops_ring, tgw_trog, minmay_temple_entry_butterflies,
          nicolae_shop_self_help, uniq_sigmund, uniq_crazy_yiuf_cottage
D:7:      layout_gridville, mainiacjoe_overflow_alcove_1
D:8:      layout_rooms, old_standard_altar, erik_lair_island
D:9:      layout_basic, nicolae_wu_jian_immortal_techniques,
          mainiacjoe_overflow_large_starburst
D:10:     layout_basic, serial_shops, shop
D:11:     layout_roguey, minmay_orc_entry_temple_small, minmay_diced_spiral
Temple:   grunt_temple_mini_profane

Skill      XL: |  1  2  3  4  5  6  7  8  9 10 |
---------------+-------------------------------+-----
Fighting       | 2 3 4 6 7 8 |  8.0
Unarmed Combat | 4 5 6 7 9 |  9.8
Shapeshifting  | 1 2 3 5 6 7 |  7.4
Throwing       | |  1.7
Dodging        | |  2.4

Action                     |  1- 3 |  4- 6 |  7- 9 | 10-12 || total
---------------------------+-------+-------+-------+-------++-------
  Melee: Unarmed           |   108 |   110 |   280 |    88 ||   586
         Punch             |     2 |     3 |    10 |     5 ||    20
 Invoke: Heroism           |       |       |     1 |       ||     1
  Evoke: Wand              |       |       |     2 |       ||     2
    Use: Scroll            |       |     1 |     9 |       ||    10
         Potion            |       |     1 |     3 |       ||     4
   Stab: Sleeping          |     1 |     1 |     1 |       ||     3
 Armour: Robe              |    57 |    27 |    40 |       ||   124
         Troll leather arm |       |       |    15 |    17 ||    32
  Dodge: Dodged            |    75 |    34 |   138 |    29 ||   276
  Block: Other             |       |       |    10 |    15 ||    25
         Reflection        |       |       |       |     1 ||     1
   Form: Beast             |     1 |       |       |       ||     1

Table legend: (Time is in decaauts)
 A = Elapsed time spent in this place.
 B = Non-inter-level travel time spent in this place.
 C = Inter-level travel time spent in this place.
 D = Time resting spent in this place.
 E = Time spent auto-exploring this place.
 F = Levels seen in this place.
 G = Mean time per level.
                   A        B        C        D        E       F      G
               +--------+--------+--------+--------+--------+-----+--------+
         Total |   6511 |   5833 |    678 |      3 |      0 |  12 |  542.6 |
       Dungeon |   6333 |   5672 |    661 |      3 |      0 |  11 |  575.7 |
        Temple |    177 |    160 |     17 |      0 |      0 |   1 |  177.0 |
               +--------+--------+--------+--------+--------+-----+--------+

Top non-repeatable levels by time:
     D:9: 854 daAuts
     D:6: 761 daAuts
    D:10: 715 daAuts
     D:7: 687 daAuts
     D:2: 651 daAuts
     D:5: 583 daAuts
     D:3: 573 daAuts
     D:4: 561 daAuts
     D:8: 496 daAuts
     D:1: 374 daAuts
  Temple: 177 daAuts
    D:11: 73 daAuts
